 Dungeon Crawl Stone Soup version 0.30-a0-626-gd6a5dd7a1f (webtiles) character file.

Game seed: 9350035389939738002

1806 HoaS the Grappler (level 8, -9/59 (62) HPs)
             Began as a Demigod Gladiator on Jan 11, 2023.
             Mangled by a wight
             ... wielding a +5 dire flail
              (14 damage)
             ... on level 6 of the Dungeon.
             The game lasted 00:26:30 (7959 turns).

HoaS the Grappler (Demigod Gladiator)               Turns: 7959, Time: 00:26:31

HP:   -9/59 (62)    AC:  8    Str: 23    XL:     8   Next: 54%
MP:   10/10         EV: 11    Int: 10    God:
Gold: 862           SH:  0    Dex: 21    Spells: 7/7 levels left

rFire   . . .      SeeInvis .      - Unarmed
rCold   . . .      Faith    .    (no shield)
rNeg    . . .      Spirit   .    r - +0 scale mail
rPois   .          Reflect  .    m - +0 helmet
rElec   .          Harm     .    (no cloak)
rCorr   +          Rampage  .    (no gloves)
Will    .....                    x - +0 pair of boots Stlth
                                 (no amulet)
HPRegen 0.29/turn                g - +6 ring of dexterity
MPRegen 0.12/turn                A - ring of resist corrosion

@: lightly drained
A: high MP 1, forlorn, divine attributes
a: no special abilities


You were on level 6 of the Dungeon.
You visited 1 branch of the dungeon, and saw 7 of its levels.

You collected 907 gold pieces.
You spent 45 gold pieces at shops.

Inventory:

Missiles
 c - 3 throwing nets
 d - a javelin
 i - 5 boomerangs
 n - 6 silver javelins (quivered)
 p - 17 poisoned darts
 v - 5 curare-tipped darts
 w - a boomerang of dispersal
Armour
 m - a +0 helmet (worn)
 r - a +0 scale mail (worn)
 x - a +0 pair of boots (worn)
Jewellery
 g - a +6 ring of dexterity (left hand)
 u - a ring of positive energy
 y - a ring of positive energy
 A - a ring of resist corrosion (right hand)
Scrolls
 b - 4 scrolls of teleportation
 h - a scroll of magic mapping
 k - 2 scrolls of fog
 l - a scroll of blinking
Potions
 a - 2 potions of flight
 e - 5 potions of curing
 f - 2 potions of mutation
 o - a potion of lignification {unknown}
 q - 2 potions of haste
 s - a potion of cancellation {unknown}
 t - a potion of invisibility {unknown}


   Skills:
 - Level 2.6 Fighting
 - Level 1.7 Throwing
 - Level 2.6 Armour
 - Level 2.6 Dodging
 * Level 10.3 Unarmed Combat


You had 7 spell levels left.
You didn't know any spells.
Your spell library contained the following spells:

 Spells                   Type           Power      Damage    Failure   Level
 Freeze                   Ice            0%         1d3       67%         1
 Frozen Ramparts          Ice            0%         1d1       96%         3
 Gell's Gravitas          Tloc           0%         N/A       96%         3
 Hailstorm                Conj/Ice       0%         3d3       96%         3
 Lesser Beckoning         Tloc           0%         N/A       96%         3
 Teleport Other           Tloc           0%         N/A       96%         3
 Conjure Ball Lightning   Conj/Air       0%         3x3d6     100%        6
 Discord                  Hex            0%         N/A       100%        8
 Disjunction              Tloc           0%         N/A       100%        8


Dungeon Overview and Level Annotations

Branches:
Dungeon (7/15)             Temple (0/1) D:5

Shops:
D:4 [

Annotations:
D:5 1 runed translucent door, AppleFox63's ghost, novice HuNe
D:7 1 runed translucent door, bmj180's ghost, novice GrEE


Innate Abilities, Weirdness & Mutations

You have an increased reservoir of magic. (+10% MP)
You shall have no god before yourself.
Your divine heritage dramatically boosts your attributes as you level up.


Message History

Things that are here:
a +0 trident; a +0 robe You start resting.
HP restored.
Things that are here:
a +0 trident; a +0 robe
There is a stone staircase leading down here.
You climb downwards.
Level annotation: 1 runed translucent door, bmj180's ghost, novice GrEE The wight hits you with a +5 dire flail!
You feel drained.
The wight hits you with a +5 dire flail!
You feel drained.
There is a stone staircase leading up, spattered with blood here.
You hit the wight. You punch the wight, but do no damage.
The wight is lightly damaged.
The wight hits you with a +5 dire flail!
You hit the wight.
The wight is heavily damaged.
You hit the wight.
The wight is almost destroyed.
The wight barely misses you.
You barely miss the wight.
The wight is almost destroyed.
The wight barely misses you.
You hit the wight but do no damage.
The wight is almost destroyed.
The wight barely misses you.
You hit the wight but do no damage.
The wight is almost destroyed.
The wight hits you with a +5 dire flail!
* * * LOW HITPOINT WARNING * * *
The wight hits you with a +5 dire flail!
* * * LOW HITPOINT WARNING * * *
You climb upwards.
There is a stone staircase leading down here.
You closely miss the wight.
The wight is almost destroyed.
The wight hits you with a +5 dire flail!
You die...

.......................##
.......................# ###
...##...####..........## ###..
#..#.....# ##.........### ##....
#........#####..........####.....
##.......#.......................
##.........).<..................
#.............[z...#######.....
#.......######@...## #.....
#.......# ###..# #.....
##.......# ##.## ##....
#..####### #..# ##... #).# ##.###
####
#)#############....#############
#..#............................
##.....####..♣♣♣♣.._..♣♣♣♣..####.
#..##............................


You could see a wight.

Vanquished Creatures
  A troll (D:6)
  2 black bears
  An ogre (D:6)
  2 centaurs
  A phantom (D:5)
  3 kobold brigands
  A necrophage (D:6)
  A scorpion (D:6)
  A wight (D:6)
  A jelly (D:6)
  3 hounds
  4 orc priests
  5 iguanas (D:5)
  6 orc wizards
  4 gnolls (D:3)
  2 adders
  A white imp (D:4)
  A worm (D:5)
  2 dart slugs
  28 orcs
  6 endoplasms
  6 hobgoblins
  4 jackals (D:4)
  7 quokkas
  6 ball pythons
  3 bats
  3 frilled lizards (D:3)
  12 goblins
  16 kobolds
  7 rats
140 creatures vanquished.

Notes
Turn   | Place    | Note
-------+----------+-------------------------------------------
     0 | D:1      | HoaS the Demigod Gladiator began the quest for the Orb.
     0 | D:1      | Reached XP level 1. HP: 17/17 MP: 3/3
   441 | D:1      | Reached skill level 3 in Unarmed Combat
   472 | D:1      | You fall into a shaft and drop 1 floor!
   485 | D:2      | Reached XP level 2. HP: 24/24 MP: 4/4
   779 | D:1      | Reached skill level 1 in Armour
  1349 | D:2      | Reached XP level 3. HP: 28/29 MP: 5/5
  2465 | D:3      | Reached XP level 4. HP: 37/37 MP: 6/6
  2894 | D:3      | Identified a scroll of acquirement
  2894 | D:3      | Acquired 570 gold pieces
  3190 | D:4      | Reached skill level 4 in Unarmed Combat
  3536 | D:4      | Reached XP level 5. HP: 36/42 MP: 7/7
  3727 | D:4      | Found Lazutes's Armour Shop.
  3749 | D:4      | Bought a +0 pair of boots for 45 gold pieces
  4194 | D:5      | Entered Level 5 of the Dungeon
  4272 | D:5      | Noticed AppleFox63's ghost (novice HuNe)
  4273 | D:5      | Found a runed translucent door.
  4518 | D:5      | Reached skill level 5 in Unarmed Combat
  4679 | D:5      | Reached XP level 6. HP: 47/50 MP: 8/8
  4943 | D:5      | Found a staircase to the Ecumenical Temple.
  5013 | D:5      | Reached skill level 6 in Unarmed Combat
  5388 | D:5      | Reached XP level 7. HP: 52/56 MP: 9/9
  5633 | D:5      | Reached skill level 7 in Unarmed Combat
  5767 | D:6      | Noticed a troll
  5792 | D:6      | Killed a troll
  5793 | D:6      | Reached skill level 8 in Unarmed Combat
  6463 | D:6      | Reached XP level 8. HP: 62/62 MP: 10/10
  6846 | D:6      | Reached skill level 9 in Unarmed Combat
  7051 | D:6      | HP: 1/62 [centaur (4)]
  7662 | D:7      | Reached skill level 10 in Unarmed Combat
  7906 | D:7      | Found a runed translucent door.
  7907 | D:7      | Noticed bmj180's ghost (novice GrEE)
  7959 | D:6      | Mangled by a wight

Illustrated notes

Levels and vault maps discovered:
D:1:      nicolae_arrival_memento_mori, layout_loops_ring
D:2:      layout_loops_cross, ebering_ecumenical_altar_abandoned
D:3:      layout_basic, mainiacjoe_overflow_alcove_1
D:4:      layout_basic, amcnicky_altar_gilded, general_overflow_altar,
          serial_shops, nicolae_shop_hallway_stairs
D:5:      layout_basic, kennysheep_mini_moat, lemuel_temple_firewalk_a,
          hellmonk_ghost_happy_afterlife
D:6:      layout_cave_pods, mainiacjoe_overflow_boulevard, lemuel_round_altar
D:7:      layout_rooms, ebering_ghost_reflecting_pool, serial_shops,
          nicolae_shop_behind_doors, uniq_joseph

Skill      XL: |  1  2  3  4  5  6  7  8 |
---------------+-------------------------+-----
Fighting       | 2 |  2.6
Unarmed Combat | 3 4 5 6 8 10 | 10.3
Armour         | 1 2 |  2.6
Throwing       | |  1.7
Dodging        | |  2.6

Action                   |  1- 3 |  4- 6 |  7- 9 || total
-------------------------+-------+-------+-------++-------
Melee: Unarmed           |   136 |   269 |   151 ||   556
       Punch             |     5 |    12 |    13 ||    30
Throw: Javelin           |     6 |     2 |     5 ||    13
  Use: Scroll            |     8 |     7 |     1 ||    16
       Potion            |       |       |     2 ||     2
 Stab: Sleeping          |     1 |       |       ||     1
Armor: Leather armour    |     6 |       |       ||     6
       Ring mail         |    27 |    11 |       ||    38
       Scale mail        |       |    70 |    53 ||   123
Dodge: Dodged            |    75 |   139 |    69 ||   283

Table legend: (Time is in decaauts)
 A = Elapsed time spent in this place.
 B = Non-inter-level travel time spent in this place.
 C = Inter-level travel time spent in this place.
 D = Time resting spent in this place.
 E = Time spent auto-exploring this place.
 F = Levels seen in this place.
 G = Mean time per level.
                   A        B        C        D        E       F      G
               +--------+--------+--------+--------+--------+-----+--------+
         Total |   7917 |   7528 |    389 |   1782 |   3758 |   7 | 1131.0 |
       Dungeon |   7917 |   7528 |    389 |   1782 |   3758 |   7 | 1131.0 |
               +--------+--------+--------+--------+--------+-----+--------+

Top non-repeatable levels by time:
     D:5: 1654 daAuts
     D:6: 1536 daAuts
     D:4: 1435 daAuts
     D:3: 1136 daAuts
     D:1: 986 daAuts
     D:2: 857 daAuts
     D:7: 310 daAuts
